 Dungeon Crawl Stone Soup version 0.29-a0-887-gcbe080d7e0 (webtiles) character file.

Game seed: 1056053624867614092

12481 spiderkeys the Destroyer (level 11, -18/59 (61) HPs)
             Began as an Octopode Conjurer on July 21, 2022.
             Was an Initiate of Gozag.
             Blown up by an eye of devastation (35 damage)
             ... with a bolt of energy
             ... on level 12 of the Dungeon.
             The game lasted 00:26:36 (16368 turns).

spiderkeys the Destroyer (Octopode Conjurer)       Turns: 16368, Time: 00:26:36

HP:   -18/59 (61)   AC:  3    Str:  3    XL:     11   Next: 94%
MP:   1/25          EV: 11    Int: 31    God:    Gozag
Gold: 1893          SH:  9    Dex: 17    Spells: 19/30 levels left

rFire   + + +      SeeInvis +   B - +8 rapier of Ruination {vamp, rElec rCorr Str-3 Int+6}
rCold   + + .      Faith    .   E - +2 shield of Resistance {rF++ rC++ Will++}
rNeg    + . .      Spirit   .   I - +2 hat {SInv}
rPois   .          Reflect  .   (no amulet)
rElec   +          Harm     .   D - +6 ring of dexterity
rCorr   +          Rampage  .   F - ring of protection from fire
Will    ++++.                   m - ring of willpower
Stlth   +++.......              r - ring of willpower
HPRegen 0.19/turn               L - ring of flight
MPRegen 0.19/turn               N - ring of positive energy
                                (no ring)
                                (no ring)

@: gold aura, flying, lightly drained
A: almost no armour, amphibious, 8 rings, camouflage 1, gelatinous body 1,
(nimble swimmer 1), tentacles
a: Renounce Religion, Potion Petition, Call Merchant, Bribe Branch


You were on level 12 of the Dungeon.
You worshipped Gozag.
Gozag was most pleased with you.
You visited 2 branches of the dungeon, and saw 13 of its levels.
You also visited: Ossuary.

You collected 2098 gold pieces.
You spent 162 gold pieces at shops.
You paid 43 gold pieces to Gozag.


Innate Abilities, Weirdness & Mutations

You cannot wear most types of armour.
You are amphibious.
You can wear up to eight rings at the same time.
Your skin changes colour to match your surroundings (Stealth+).
Your rubbery body absorbs attacks. (AC +1, EV +1)
((You are camouflaged when in or above water. (Stealth+)))
You have tentacles for arms and can constrict up to eight enemies at once.


   Skills:
 - Level 2.0 Dodging
 - Level 2.6 Stealth
 - Level 10.0 Spellcasting
 + Level 11.9 Conjurations
 + Level 7.6 Hexes
 + Level 7.6 Translocations


You had 19 spell levels left.
You knew the following spells:

 Your Spells              Type           Power      Damage    Failure   Level
f - Fulminant Prism       Conj/Hex       33%        3d16      2%          4
i - Iskenderun's Mystic   Conj/Tloc      66%        2d14      2%          4
m - Magic Dart            Conj           100%       1d8       1%          1
s - Searing Ray           Conj           100%       2d8       1%          2

Your spell library contained the following spells:

 Spells                   Type           Power      Damage    Failure   Level
 Apportation              Tloc           100%       N/A       1%          1
 Dazzling Flash           Conj/Hex       100%       N/A       1%          3
 Gell's Gravitas          Tloc           58%        N/A       1%          3
 Teleport Other           Tloc           58%        N/A       1%          3
 Ensorcelled Hibernation  Hex/Ice        78%        N/A       3%          2
 Passwall                 Tmut/Erth      12%        N/A       19%         2
 Swiftness                Air            15%        N/A       34%         3
 Summon Forest            Summ/Tloc      19%        N/A       56%         5
 Summon Mana Viper        Hex/Summ       39%        N/A       56%         5
 Dispersal                Tloc           29%        N/A       63%         6
 Dispel Undead            Necr           15%        3d10      75%         4
 Agony                    Necr           15%        N/A       97%         5
 Death Channel            Necr           7%         N/A       100%        6
 Summon Cactus Giant      Summ           7%         N/A       100%        6

Inventory:

Hand Weapons
 B - the +8 rapier of Ruination (weapon) {vamp, rElec rCorr Str-3 Int+6}
   (You found it on level 5 of the Dungeon)

   It occasionally heals its wielder for a portion of the damage dealt when it
   wounds a living foe.
   Str:       It affects your strength (-3).
   Int:       It affects your intelligence (+6).
   rElec:     It insulates you from electricity.
   rCorr:     It protects you from acid and corrosion.
Missiles
 f - 122 stones
 u - 6 boomerangs
 y - 27 poisoned darts
 K - 4 curare-tipped darts {=f}
Armour
 E - the +2 shield of Resistance (worn) {rF++ rC++ Will++}
   (You acquired it on level 9 of the Dungeon)

   rF:        It greatly protects you from fire.
   rC:        It greatly protects you from cold.
   Will:      It greatly increases your willpower.
 I - a +2 hat of see invisible (worn)
   (You took it off Gastronok on level 8 of the Dungeon)
Jewellery
 m - a ring of willpower (on tentacle)
   (You found it on level 6 of the Dungeon)
 r - a ring of willpower (on tentacle)
   (You found it on level 10 of the Dungeon)
 D - a +6 ring of dexterity (left tentacle)
   (You found it on level 4 of the Dungeon)
 F - a ring of protection from fire (right tentacle)
   (You found it on level 6 of the Dungeon)
 L - a ring of flight (on tentacle)
   (You found it on level 10 of the Dungeon)
 N - a ring of positive energy (on tentacle)
   (You found it on level 11 of the Dungeon)
 R - a ring of resist corrosion
   (You found it on level 6 of the Dungeon)
Wands
 a - a wand of charming (7)
   (You found it on level 6 of the Dungeon)
 c - a wand of iceblast (5)
   (You found it on level 3 of the Dungeon)
 x - a wand of polymorph (2)
   (You found it on level 4 of the Dungeon)
 G - a wand of flame (9)
   (You found it on level 7 of the Dungeon)
 H - a wand of quicksilver (3)
   (You found it on level 7 of the Dungeon)
Scrolls
 d - 3 scrolls of poison {!r}
 i - a scroll of enchant armour
 k - 3 scrolls of immolation {!r!r}
 o - a scroll of enchant weapon
 p - 2 scrolls of magic mapping {!r}
 t - 5 scrolls of teleportation {@r4}
 v - 2 scrolls of fear
 C - 2 scrolls of fog
Potions
 b - 4 potions of haste {@q3}
 e - a potion of magic
 g - 2 potions of flight {unknown}
 h - 5 potions of attraction {!q}
 j - 4 potions of heal wounds {@q2}
 l - a potion of resistance {unknown}
 n - 6 potions of mutation {!q}
 q - 4 potions of brilliance
 s - 2 potions of berserk rage {!q}
 w - 4 potions of ambrosia
 z - a potion of invisibility
 A - a potion of curing {@q1}
 J - a potion of lignification {!q}

Dungeon Overview and Level Annotations

Branches:
Dungeon (12/15) Zot: 26791  Temple (1/1) D:4 Zot: 5836    Lair (0/5) D:11
    Orc (0/2) D:9         Ossuary (visited)

Altars:
Ashenzari
Cheibriados
Dithmenos
Elyvilon
Fedhas
Gozag
Hepliaklqana
Kikubaaqudgha
Makhleb
Nemelex Xobeh
Okawaru
Qazlal
Ru
Sif Muna
Trog
Uskayaw
Vehumet
Wu Jian
Xom
Yredelemnul
Zin
The Shining One

Shops:
D:4 *!

Annotations:
D:12 1 runed translucent door, Josephine

*,,,,,,,,,,,$,,,******,,,
*,,,,,,,,,,,,,,,,,,,,**+*
*.,,,,,*****,*******,,,,,
*..,,,,* *,+,,,,,*,,,,,
*,..,,,* *,*,,,,,*,,***
***#.,<* *,*,,,,,*,,+,,
#..,* *,*,,,,,*,,*,,
#...#####.#,,,,,*,,*,,
****#....@....#******,,*,,
*,........$......,,,,,,***
*,.............##+*+*,,,,,
*,.............#,,,,*,,,,,
*,.......G.....#,,,,*,,,,,
*,.............#,,,,*,,,,,
*,........(....#*****,,,,,
*,!.............,,,,,,,,,,
**,,,,,,,,,,,,,,,,,,,,,,,,


You could see an eye of devastation.


Message History

The wraith drains your fulminant prism's vigour!
Your fulminant prism crackles loudly.
The blast of energy engulfs the wraith!
Casting: Fulminant Prism (dangerous; 2% risk of failure)
Confirm with . or Enter, or press ? or * to list all spells.
Aiming: Searing Ray (safe; 1% risk of failure)
Press: ? - help, Shift-Dir - straight line, f - wraith
Aim: a wraith (heavily damaged, 83% to hit)
The searing ray hits the wraith but does no damage. (Press . to maintain the ray.) 😕 HP[+1] MP[-2]
You lost 2 mp, and now have 19/25 mp.
The searing ray hits the wraith but does no damage. 😕 MP[-1]
You lost 1 mp, and now have 18/25 mp.
The searing ray hits the wraith.
The searing ray hits the wraith.
You finish channelling your searing ray.
You block the wraith's attack. 😕 MP[-1]
You lost 1 mp, and now have 17/25 mp.
Casting: Searing Ray (safe; 1% risk of failure)
Confirm with . or Enter, or press ? or * to list all spells.
You erupt in a blast of force!
The mystic blast hits the wraith!
The wraith is knocked back by the mystic blast.
A cyclops comes into view. 😕 MP[-4]
You lost 4 mp, and now have 13/25 mp.
Casting: Iskenderun's Mystic Blast (dangerous; 2% risk of failure)
Confirm with . or Enter, or press ? or * to list all spells.
Okay, then.
Casting: Iskenderun's Mystic Blast (dangerous; 2% risk of failure)
Confirm with . or Enter, or press ? or * to list all spells.
Okay, then.
Casting: Iskenderun's Mystic Blast (dangerous; 2% risk of failure)
Confirm with . or Enter, or press ? or * to list all spells.
Aiming: Fulminant Prism (dangerous; 2% risk of failure)
Press: ? - help, Dir - move target, p - wraith You conjure a prism of explosive energy!
A fulminant prism comes into view.
The cyclops throws a large rock.
The large rock hits your fulminant prism!! 😕 HP[+1] MP[-4]
You lost 4 mp, and now have 9/25 mp.
Casting: Fulminant Prism (dangerous; 2% risk of failure)
Confirm with . or Enter, or press ? or * to list all spells.
Aiming: Fulminant Prism (dangerous; 2% risk of failure)
Press: ? - help, Dir - move target You conjure a prism of explosive energy!
A fulminant prism comes into view.
The cyclops throws a large rock.
The large rock barely misses you. 😕 MP[-4]
You lost 4 mp, and now have 5/25 mp.
You block the wraith's attack.
Your fulminant prism crackles loudly. 😕 MP[+1]
You block the wraith's attack.
The blast of energy engulfs the wraith!!
You destroy the wraith!
You now have 59 max hp (+1).
Aiming: Charm
Press: ? - help, Shift-Dir - straight line, f - cyclops
Aim: a cyclops, quivering large rocks (chance to affect: 31%)
Okay, then.
Aiming: Polymorph
Press: ? - help, Shift-Dir - straight line, f - cyclops
Aim: a cyclops, quivering large rocks (will become an eye of devastation, an elephant, or a polar bear, chance to affect: 31%)
The cyclops evaporates and reforms as an eye of devastation!
You hear the loud beating of a very distant drum.
Casting: Fulminant Prism (dangerous; 2% risk of failure)
Confirm with . or Enter, or press ? or * to list all spells.
Aiming: Fulminant Prism (dangerous; 2% risk of failure)
Press: ? - help, Dir - move target, p - eye of devastation You conjure a prism of explosive energy!
A fulminant prism comes into view. 😕 MP[-4]
You lost 4 mp, and now have 2/25 mp.
Your fulminant prism crackles loudly. 😕 HP[+1]
The blast of energy engulfs the eye of devastation! 😕 MP[+1]
Casting: Fulminant Prism (dangerous; 2% risk of failure)
Confirm with . or Enter, or press ? or * to list all spells.
Aiming: Searing Ray (safe; 1% risk of failure)
Press: ? - help, Shift-Dir - straight line, f - eye of devastation
Aim: an eye of devastation (moderately wounded, 100% to hit)
The searing ray hits the eye of devastation. (Press . to maintain the ray.)
The eye of devastation gazes at you. The bolt of energy hits you!!
Ouch! That really hurt!
* * * LOW HITPOINT WARNING * * *
😨 HP[-30] MP[-2]
You take 30 damage, and now have 17/59 hp.
MASSIVE DAMAGE!! (PAUSE)
You lost 2 mp, and now have 1/25 mp.
The eye of devastation gazes at you. The bolt of energy hits you!!
Ouch! That really hurt!
You die...

Skill      XL: |  1  2  3  4  5  6  7  8  9 10 11 |
---------------+----------------------------------+-----
Spellcasting   | 3 4 6 7 8 9 10 | 10.0
Conjurations   | 5 6 7 8 9 10 11 | 11.9
Hexes          | 4 6 7 |  7.6
Translocations | 4 6 7 |  7.6
Dodging        | |  2.0
Stealth        | |  2.6

Action                   |  1- 3 |  4- 6 |  7- 9 | 10-12 || total
-------------------------+-------+-------+-------+-------++-------
Melee: Dagger            |       |    12 |       |       ||    12
       Constrict         |       |     8 |     1 |     1 ||    10
       Tentacles         |       |     6 |       |     1 ||     7
       Rapier            |       |       |     1 |     5 ||     6
 Cast: Magic Dart        |    67 |    66 |   101 |   128 ||   362
       Searing Ray       |     3 |     9 |    44 |    25 ||    81
       Fulminant Prism   |       |       |     4 |    51 ||    55
       Iskenderun's Myst |       |       |       |    21 ||    21
Evoke: Wand              |       |       |    15 |     2 ||    17
  Use: Scroll            |       |     8 |     3 |     6 ||    17
       Potion            |       |       |     5 |       ||     5
Armor: Skin              |     1 |     4 |     3 |     6 ||    14
Dodge: Dodged            |     3 |    13 |    35 |    32 ||    83
Block: Buckler           |       |       |     8 |     3 ||    11
       Kite shield       |       |       |       |    23 ||    23

Levels and vault maps discovered:
D:1:      psy_arrival_conway, layout_loops_corners, minmay_misc_feat_tower
D:2:      layout_loops_cross
D:3:      layout_loops_corners, serial_bayou_lagoon_a, uniq_sigmund
D:4:      layout_basic, nemelex_dance_club_becter,
          minmay_temple_entry_gardened_gates, serial_shops, shop,
          nicolae_take_the_stairs, nicolae_ossuary_entry_ruins
D:5:      layout_gridville, serial_park_tiny_2, kennysheep_generic_room_4
D:6:      layout_basic, mainiacjoe_overflow_catwalk_spiral
D:7:      layout_loops_cross, hex_large
D:8:      layout_loops_ring, mainiacjoe_overflow_catwalk, uniq_gastronok,
          uniq_prince_ribbit1
D:9:      layout_stronghold, led_sif_book, minmay_orc_entry_guard_dogs
D:10:     layout_cave_pods, lemuel_crystal_altar
D:11:     layout_cave_pods, erik_lair_island, kiku_gazebo_garden_becter
D:12:     cheibrodos_histonic, layout_irregular_city, gauntlet_entry_generic,
          uniq_josephine
Temple:   minmay_temple_bridge_d

Notes
Turn   | Place    | Note
-------+----------+-------------------------------------------
     0 | D:1      | spiderkeys the Octopode Conjurer began the quest for the
                  | Orb.
     0 | D:1      | Reached XP level 1. HP: 11/11 MP: 3/3
     0 | D:1      | magus.rc [v1.11.3]
   498 | D:1      | Reached XP level 2. HP: 17/17 MP: 1/5
  1301 | D:2      | Reached XP level 3. HP: 21/21 MP: 0/6
  1304 | D:2      | Learned a level 2 spell: Searing Ray
  1885 | D:2      | Reached skill level 3 in Spellcasting
  1903 | D:2      | You pick up a book of Burglary and begin reading...
  1903 | D:2      | You add the spells Passwall, Ensorcelled Hibernation and
                  | Swiftness to your library.
  2371 | D:3      | Reached XP level 4. HP: 27/27 MP: 0/8
  2753 | D:3      | Reached skill level 5 in Conjurations
  2913 | D:3      | Noticed Sigmund
  2918 | D:3      | Killed Sigmund
  2919 | D:3      | Reached skill level 4 in Spellcasting
  2919 | D:3      | Reached XP level 5. HP: 23/31 MP: 2/11
  2919 | D:3      | Reached XP level 6. HP: 27/36 MP: 2/12
  3772 | D:4      | Found a sand-covered staircase.
  3781 | Ossuary  | Entered an ossuary
  4008 | Ossuary  | Reached skill level 6 in Conjurations
  4416 | D:4      | Found Laxa's Assorted Antiques.
  4599 | D:4      | Reached XP level 7. HP: 41/41 MP: 10/14
  4645 | D:4      | Found a staircase to the Ecumenical Temple.
  4654 | Temple   | Entered the Ecumenical Temple
  4748 | Temple   | Became a worshipper of Gozag Ym Sagoz the Greedy
  4908 | D:4      | Reached skill level 5 in Spellcasting
  5078 | D:4      | Found Ejes's Distillery.
  5100 | D:4      | Bought a potion of heal wounds for 60 gold pieces
  5529 | D:4      | Found a sparkling altar of Nemelex Xobeh.
  5673 | D:5      | Entered Level 5 of the Dungeon
  5959 | D:5      | You add the spells Dispel Undead, Agony and Death Channel
                  | to your library.
  5959 | D:5      | Got the Omnibus of the Undead
  6008 | D:5      | Reached skill level 7 in Conjurations
  6146 | D:5      | Identified the +8 rapier of Ruination {vamp, rElec rCorr
                  | Str-3 Int+6}
  6763 | D:4      | Bought a scroll labelled JIVAVVIQ WIPHO for 22 gold pieces
  6763 | D:4      | Bought a scroll labelled WUINEPLANE for 22 gold pieces
  6763 | D:4      | Bought 2 coppery potions for 39 gold pieces
  6763 | D:4      | Bought a bubbling yellow potion for 19 gold pieces
  6803 | D:6      | Identified the +4 rapier "Goblin's Nightmare" {freeze,
                  | Str+5}
  7085 | D:6      | Reached skill level 6 in Spellcasting
  7085 | D:6      | Reached XP level 8. HP: 46/46 MP: 7/17
  7508 | D:6      | Reached skill level 8 in Conjurations
  7558 | D:6      | Found an ornate altar of the Wu Jian Council.
  7569 | D:6      | Found a blossoming altar of Fedhas.
  7772 | D:6      | Reached skill level 7 in Spellcasting
  8124 | D:6      | Reached XP level 9. HP: 51/51 MP: 13/20
  8506 | D:7      | Reached skill level 9 in Conjurations
  8609 | D:7      | Learned a level 4 spell: Fulminant Prism
  8614 | D:7      | Learned a level 4 spell: Iskenderun's Mystic Blast
  8786 | D:7      | Reached skill level 1 in Hexes
  8786 | D:7      | Reached skill level 1 in Translocations
  9389 | D:8      | Reached skill level 2 in Hexes
  9393 | D:8      | Reached skill level 2 in Translocations
  9822 | D:8      | Reached skill level 8 in Spellcasting
  9832 | D:8      | HP: 10/51 [wyvern (12)]
 10117 | D:8      | Found a radiant altar of Vehumet.
 10136 | D:8      | Reached skill level 3 in Hexes
 10136 | D:8      | Reached skill level 3 in Translocations
 10520 | D:8      | Noticed Gastronok
 10532 | D:8      | Killed Gastronok
 10533 | D:8      | Reached skill level 4 in Hexes
 10533 | D:8      | Reached skill level 4 in Translocations
 10533 | D:8      | Reached XP level 10. HP: 56/56 MP: 22/22
 10617 | D:8      | You add the spells Gell's Gravitas, Teleport Other and
                  | Dispersal to your library.
 10664 | D:8      | Reached skill level 5 in Hexes
 10664 | D:8      | Reached skill level 5 in Translocations
 10952 | D:8      | Noticed Prince Ribbit
 10957 | D:8      | Killed Prince Ribbit
 10958 | D:8      | Reached skill level 10 in Conjurations
 11619 | D:9      | Found a staircase to the Orcish Mines.
 11974 | D:9      | Reached skill level 6 in Hexes
 11974 | D:9      | Reached skill level 6 in Translocations
 11977 | D:9      | Reached skill level 9 in Spellcasting
 11982 | D:9      | Reached XP level 11. HP: 61/61 MP: 3/24
 12159 | D:9      | You pick up a book of the Wilderness and begin reading...
 12159 | D:9      | You add the spells Summon Forest, Summon Mana Viper and
                  | Summon Cactus Giant to your library.
 12397 | D:9      | Acquired the +2 shield of Resistance {rF++ rC++ Will++}
 12397 | D:9      | Found the +2 shield of Resistance {rF++ rC++ Will++}
 12411 | D:9      | Found a shimmering blue altar of Sif Muna.
 12485 | D:9      | Got Sif Muna's Quarto of the Excursion
 12612 | D:10     | Entered Level 10 of the Dungeon
 12984 | D:10     | Reached skill level 7 in Hexes
 12984 | D:10     | Reached skill level 7 in Translocations
 13665 | D:10     | Found a white marble altar of Elyvilon.
 13970 | D:10     | Reached skill level 11 in Conjurations
 14757 | D:11     | Noticed a two-headed ogre
 14763 | D:11     | Killed a two-headed ogre
 14764 | D:11     | Reached skill level 10 in Spellcasting
 15339 | D:11     | Found a staircase to the Lair.
 15385 | D:11     | Noticed a soul eater
 15697 | D:11     | Found an ancient bone altar of Kikubaaqudgha.
 16299 | D:12     | Found a runed translucent door.
 16310 | D:12     | Noticed Josephine
 16358 | D:12     | Noticed a cyclops
 16363 | D:12     | a cyclops changed into an eye of devastation
 16368 | D:12     | Blown up by an eye of devastation

Vanquished Creatures
  Gastronok (D:8)
  A two-headed ogre (D:11)
  A kobold demonologist (D:11)
  3 trolls
  A hornet (D:10)
  Prince Ribbit (D:8)
  Sigmund (D:3)
  2 shadows
  2 wyverns
  3 wraiths
  25 yaks
  3 vampire mosquitoes (D:11)
  3 wargs (D:9)
  A steam dragon (D:8)
  4 water moccasins
  An acid dragon (D:11)
  A black bear (D:6)
  4 wolves (D:11)
  2 ogres
  2 centaurs
  4 kobold brigands
  6 bullfrogs
  7 scorpions
  4 wights (D:6)
  7 killer bees (D:8)
  6 electric eels (D:11)
  A centaur zombie (Ossuary)
  4 howler monkeys
  An orc priest (D:11)
  2 jellies
  4 hounds (D:11)
  5 iguanas
  4 orc wizards
  3 mummies (Ossuary)
  2 gnolls (D:4)
  8 adders
  2 shadow imps (D:7)
  3 white imps
  2 worms (D:3)
  2 dart slugs
  18 orcs
  5 ball pythons
  5 bats
  9 endoplasms
  2 giant cockroaches
  8 goblins
  3 hobgoblins
  4 jackals (D:2)
  6 quokkas
  5 frilled lizards
  3 gnoll zombies (Ossuary)
  3 hobgoblin zombies (Ossuary)
  12 kobolds
  An orc zombie (Ossuary)
  7 rats
  A fulminant prism (D:10)
231 creatures vanquished.

Vanquished Creatures (others)
  An orc wizard (D:8)
  An orc (D:8)
  54 fulminant prisms
  21 plants (D:3)
  4 withered plants (D:11)
81 creatures vanquished.

Grand Total: 312 creatures vanquished

Table legend:
 A = Non-vault XP
 B = Vault XP
 C = Vault XP percentage of total XP
 D = Non-vault monster count
 E = Vault monster count
 F = Vault count percentage of total count
                 A         B        C        D         E       F
            +---------+---------+-------+---------+---------+-------
      Total |   14140 |    3690 |  20.7 |     200 |      31 |  13.4
            +---------+---------+-------+---------+---------+-------
        D:1 |      27 |       0 |   0.0 |      17 |       0 |   0.0
        D:2 |      50 |       0 |   0.0 |      21 |       0 |   0.0
        D:3 |      67 |     231 |  77.5 |      16 |       1 |   5.9
        D:4 |     215 |       5 |   2.3 |      16 |       2 |  11.1
        D:5 |     262 |      87 |  24.9 |       7 |       1 |  12.5
        D:6 |    1309 |       0 |   0.0 |      19 |       0 |   0.0
        D:7 |     697 |       0 |   0.0 |      15 |       0 |   0.0
        D:8 |    1408 |    1731 |  55.1 |      23 |       2 |   8.0
        D:9 |    3074 |     567 |  15.6 |      21 |       5 |  19.2
       D:10 |    3617 |       0 |   0.0 |      18 |       0 |   0.0
       D:11 |    3012 |     960 |  24.2 |      25 |       9 |  26.5
       D:12 |     402 |       0 |   0.0 |       2 |       0 |   0.0
    Ossuary |       0 |     109 | 100.0 |       0 |      11 | 100.0
            +---------+---------+-------+---------+---------+-------

Illustrated notes

Table legend:
 A = Kills in this place as a percentage of kills in entire the game.
 B = Kills by you in this place as a percentage of kills by you in the entire game.
 C = Kills by friends in this place as a percentage of kills by friends in the entire game.
 D = Other kills in this place as a percentage of other kills in the entire game.
 E = Experience gained in this place as a percentage of experience gained in the entire game.
 F = Experience gained in this place divided by the number of levels of this place that you have seen.
                   A       B       C       D       E      F
               +-------+-------+-------+-------+-------+----------------------
         Total | 100.0 | 100.0 |   N/A | 100.0 | 100.0 | 1273.6
       Dungeon |  95.2 |  95.2 |   N/A | 100.0 |  99.4 | 1476.8
       Ossuary |   4.8 |   4.8 |   N/A |   0.0 |   0.6 | 109.0
               +-------+-------+-------+-------+-------+----------------------

Table legend: (Time is in decaauts)
 A = Elapsed time spent in this place.
 B = Non-inter-level travel time spent in this place.
 C = Inter-level travel time spent in this place.
 D = Time resting spent in this place.
 E = Time spent auto-exploring this place.
 F = Levels seen in this place.
 G = Mean time per level.
                   A        B        C        D        E       F      G
               +--------+--------+--------+--------+--------+-----+--------+
         Total |  16366 |  15717 |    649 |   1422 |  12822 |  14 | 1169.0 |
       Dungeon |  15652 |  15100 |    552 |   1397 |  12307 |  12 | 1304.3 |
        Temple |    163 |     66 |     97 |      0 |     62 |   1 |  163.0 |
       Ossuary |    549 |    549 |      0 |     25 |    453 |   1 |  549.0 |
               +--------+--------+--------+--------+--------+-----+--------+

Top non-repeatable levels by time:
    D:11: 1681 daAuts
     D:9: 1640 daAuts
    D:10: 1616 daAuts
     D:7: 1576 daAuts
     D:3: 1435 daAuts
     D:5: 1327 daAuts
     D:6: 1316 daAuts
     D:8: 1302 daAuts
     D:4: 1295 daAuts
     D:1: 1224 daAuts
     D:2: 1042 daAuts
 Ossuary: 549 daAuts
    D:12: 193 daAuts
  Temple: 163 daAuts
